 Dungeon Crawl Stone Soup version 0.26.0-45-g9c1d065592 (webtiles) character file.

Game seed: 16816295359909155947

180 kaeus the Stinger (level 5, -3/37 HPs)
             Began as a Gnoll Venom Mage on Jan 31, 2021.
             Killed from afar by Ijyb (10 damage)
             ... with an iceblast
             ... on level 3 of the Dungeon.
             The game lasted 00:00:54 (1319 turns).

kaeus the Stinger (Gnoll Venom Mage)                Turns: 1319, Time: 00:00:55

Health: -3/37      AC:  2    Str: 10    XL:     5   Next: 60%
Magic:  10/12      EV: 15    Int: 19    God:
Gold:   68         SH:  0    Dex: 15    Spells: 13/14 levels left

rFire    . . .     SeeInvis .   i - -3 mace (curse)
rCold    . . .     Faith    .   (no shield)
rNeg     . . .     Spirit   .   a - +0 robe
rPois    .         Reflect  .   (no helmet)
rElec    .         Harm     .   (no cloak)
rCorr    +         Rampage  .   (no gloves)
Will     .....                  (no boots)
Stlth    +++.......             (no amulet)
HPRegen  0.12/turn              f - ring of resist corrosion
MPRegen  0.13/turn              (no ring)

@: lethally poisoned (-3 -> -14)
A: distributed training, fangs 1, strong nose
a: no special abilities


You were on level 3 of the Dungeon.
You visited 1 branch of the dungeon, and saw 3 of its levels.

You collected 68 gold pieces.

Inventory:

Hand Weapons
 c - a +0 mace
 i - a cursed -3 mace (weapon)
Armour
 a - a +0 robe (worn)
Jewellery
 f - a ring of resist corrosion (left hand)
Scrolls
 e - 2 scrolls of magic mapping {unknown}
 g - a scroll of remove curse {unknown}
 j - 3 scrolls of teleportation {unknown}
 k - 3 scrolls of identify {unknown}
Potions
 b - 2 potions of mutation {unknown}
 d - 2 potions of invisibility {unknown}
 h - 2 potions of might {unknown}
 l - a potion of curing {unknown}
 m - 3 potions of flight {unknown}


   Skills:
 + Level 1.5 Fighting
 + Level 1.5 Short Blades
 + Level 1.5 Long Blades
 + Level 1.5 Axes
 + Level 1.5 Maces & Flails
 + Level 1.5 Polearms
 + Level 1.5 Staves
 + Level 1.5 Slings
 + Level 1.5 Bows
 + Level 1.5 Crossbows
 + Level 1.5 Throwing
 + Level 1.5 Armour
 + Level 4.8 Dodging
 + Level 4.4 Stealth
 + Level 1.5 Shields
 + Level 1.5 Unarmed Combat
 + Level 5.2 Spellcasting
 + Level 1.2 Conjurations
 + Level 1.2 Hexes
 + Level 1.2 Summonings
 + Level 1.2 Necromancy
 + Level 1.2 Translocations
 + Level 2.4 Transmutations
 + Level 1.2 Fire Magic
 + Level 1.2 Ice Magic
 + Level 1.2 Air Magic
 + Level 1.2 Earth Magic
 + Level 5.5 Poison Magic
 + Level 1.7 Invocations
 + Level 1.5 Evocations


You had 13 spell levels left.
You knew the following spells:

 Your Spells              Type           Power        Failure   Level
a - Sting                 Tmut/Pois      80%          2%          1

Your spell library contained the following spells:

 Spells                   Type           Power        Failure   Level
 Poisonous Vapours        Pois/Air       34%          4%          2
 Ignite Poison            Fire/Tmut/Pois 16%          11%         3
 Mephitic Cloud           Conj/Pois/Air  15%          12%         3
 Olgreb's Toxic Radiance  Pois           26%          12%         4


Dungeon Overview and Level Annotations

Branches:
Dungeon (3/15)

Altars:

Annotations:
D:3 Ijyb


Innate Abilities, Weirdness & Mutations

Your experience applies equally to all skills.
You have very sharp teeth.
Your uncanny sense of smell can sniff out nearby items.


Message History

There is a lethal amount of poison in your body!
You are too injured to fight recklessly!
There is a lethal amount of poison in your body!
You are too injured to fight recklessly!
There is a lethal amount of poison in your body!
You are too injured to fight recklessly!
There is a lethal amount of poison in your body!
You are too injured to fight recklessly!
There is a lethal amount of poison in your body!
You are too injured to fight recklessly!
There is a lethal amount of poison in your body!
You are too injured to fight recklessly!
There is a lethal amount of poison in your body!
You are too injured to fight recklessly!
There is a lethal amount of poison in your body!
You take 30 damage, and have 7/37 hp.
MASSIVE DAMAGE!!
You now have 10/12 mp.
* * * LOW HITPOINT WARNING * * *
You feel sick.
Ijyb zaps a wand.
The mass of ice explodes!
The iceblast engulfs you!
You die...

#..#......#
##...##.#.#######. .. .#
###..##.......#.. .# ..#
###..####.......# .##.$.
......#.........###.#K.#
##....##.##........$..##
.....##...##...#.......##
#..###..≈..#..##........#
.......≈≈≈....##@(†.g.#
.....#..≈..#...(#.....#
.....##...##.............
......##.##.#.##......###
..<.[. #....#..#......#
†..... #....##........#
...... #.... ###.....#
...... ##### ####..#
###### ...


You could see Ijyb (poisoned) and a kobold.

Vanquished Creatures
  Sigmund (D:2)
  A worm (D:3)
  A dart slug (D:1)
  A leopard gecko (D:2)
  4 goblins
  4 hobgoblins (D:1)
  4 kobolds (D:1)
  A quokka (D:2)
  3 bats
  2 frilled lizards (D:2)
  3 rats (D:1)
25 creatures vanquished.

Vanquished Creatures (others)
  A frilled lizard (D:3)
1 creature vanquished.

Grand Total: 26 creatures vanquished

Notes
Turn   | Place    | Note
-------+----------+-------------------------------------------
     0 | D:1      | kaeus the Gnoll Venom Mage began the quest for the Orb.
     0 | D:1      | Reached XP level 1. HP: 13/13 MP: 6/6
   398 | D:1      | Reached XP level 2. HP: 19/19 MP: 5/7
   850 | D:2      | Reached XP level 3. HP: 25/25 MP: 7/9
   908 | D:2      | Noticed Sigmund
   930 | D:2      | Killed Sigmund
   931 | D:2      | Reached skill level 1 in Fighting
   931 | D:2      | Reached skill level 1 in Short Blades
   931 | D:2      | Reached skill level 1 in Long Blades
   931 | D:2      | Reached skill level 1 in Axes
   931 | D:2      | Reached skill level 1 in Maces & Flails
   931 | D:2      | Reached skill level 1 in Polearms
   931 | D:2      | Reached skill level 1 in Staves
   931 | D:2      | Reached skill level 1 in Slings
   931 | D:2      | Reached skill level 1 in Bows
   931 | D:2      | Reached skill level 1 in Crossbows
   931 | D:2      | Reached skill level 1 in Throwing
   931 | D:2      | Reached skill level 1 in Armour
   931 | D:2      | Reached skill level 1 in Shields
   931 | D:2      | Reached skill level 1 in Unarmed Combat
   931 | D:2      | Reached skill level 5 in Spellcasting
   931 | D:2      | Reached skill level 1 in Conjurations
   931 | D:2      | Reached skill level 1 in Hexes
   931 | D:2      | Reached skill level 1 in Summonings
   931 | D:2      | Reached skill level 1 in Necromancy
   931 | D:2      | Reached skill level 1 in Translocations
   931 | D:2      | Reached skill level 1 in Fire Magic
   931 | D:2      | Reached skill level 1 in Ice Magic
   931 | D:2      | Reached skill level 1 in Air Magic
   931 | D:2      | Reached skill level 1 in Earth Magic
   931 | D:2      | Reached skill level 1 in Invocations
   931 | D:2      | Reached skill level 1 in Evocations
   931 | D:2      | Reached XP level 4. HP: 26/32 MP: 4/11
   931 | D:2      | Reached XP level 5. HP: 30/37 MP: 4/12
  1313 | D:3      | Noticed Ijyb
  1319 | D:3      | Killed from afar by Ijyb

Illustrated notes

Levels and vault maps discovered:
D:1:      mrwooster_arrival_statue_3, layout_basic
D:2:      layout_rooms, uniq_sigmund
D:3:      layout_rooms, lemuel_crystal_altar, kennysheep_crisscross,
          amcnicky_mini_pool_small, uniq_ijyb, uniq_purgy

Skill      XL: |  1  2  3 |
---------------+----------+-----
Transmutations | 2 |  2.4
Fighting       | 1 |  1.5
Short Blades   | 1 |  1.5
Long Blades    | 1 |  1.5
Axes           | 1 |  1.5
Maces & Flails | 1 |  1.5
Polearms       | 1 |  1.5
Staves         | 1 |  1.5
Slings         | 1 |  1.5
Bows           | 1 |  1.5
Crossbows      | 1 |  1.5
Throwing       | 1 |  1.5
Armour         | 1 |  1.5
Shields        | 1 |  1.5
Unarmed Combat | 1 |  1.5
Spellcasting   | 5 |  5.2
Conjurations   | 1 |  1.2
Hexes          | 1 |  1.2
Summonings     | 1 |  1.2
Necromancy     | 1 |  1.2
Translocations | 1 |  1.2
Fire Magic     | 1 |  1.2
Ice Magic      | 1 |  1.2
Air Magic      | 1 |  1.2
Earth Magic    | 1 |  1.2
Invocations    | 1 |  1.7
Evocations     | 1 |  1.5
Dodging        | |  4.8
Stealth        | |  4.4
Poison Magic   | |  5.5

Action                   |  1- 3 |  4- 6 || total
-------------------------+-------+-------++-------
Melee: Unarmed           |     9 |       ||     9
       Mace              |    17 |     5 ||    22
       Bite              |     1 |       ||     1
 Cast: Sting             |    27 |    10 ||    37
Armor: Robe              |     2 |       ||     2
Dodge: Dodged            |    20 |     7 ||    27
